 Dungeon Crawl Stone Soup version 0.25.0-37-gb73750e0fb (webtiles) character file.

Game seed: 2861291921668517968

47 Aviak the Firebug (level 3, -4/26 HPs)
             Began as a Demonspawn Fire Elementalist on July 8, 2020.
             Slain by an ice beast (12 damage)
             ... on level 2 of the Dungeon.
             The game lasted 00:02:49 (1517 turns).

Aviak the Firebug (Demonspawn Fire Elementalist)    Turns: 1517, Time: 00:02:50

Health: -4/26      AC:  5    Str:  8    XL:     3   Next: 48%
Magic:  0/6        EV: 12    Int: 17    God:
Gold:   23         SH:  0    Dex: 13    Spells: 6/7 levels left

rFire    . . .     SeeInvis .   d - +0 dagger
rCold    . . .     Gourm    .   (no shield)
rNeg     . . .     Faith    .   a - +0 robe
rPois    .         Spirit   .   f - +0 helmet (curse)
rElec    .         Reflect  .   (no cloak)
rCorr    .         Harm     .   (no gloves)
MR       .....                  (no boots)
Stlth    +++.......             (no amulet)
HPRegen  0.08/turn              (no ring)
MPRegen  0.10/turn              (no ring)

@: very slightly contaminated
A: thin metallic scales 1, nightstalker 1
a: no special abilities


You were on level 2 of the Dungeon.
You were not hungry.

You visited 1 branch of the dungeon, and saw 2 of its levels.

You collected 23 gold pieces.

Inventory:

Hand Weapons
 d - a +0 dagger (weapon)
Armour
 a - a +0 robe (worn)
 f - a cursed +0 helmet (worn)
Magical Staves
 i - an uncursed staff of death {rN+}
Scrolls
 b - a scroll of remove curse {unknown}
 e - 2 scrolls of identify {unknown}
 g - a scroll of fog {unknown}
 h - a scroll of enchant armour {unknown}
Potions
 k - a potion of curing {unknown}
Comestibles
 c - 2 rations


   Skills:
 + Level 1.6 Fighting
 - Level 1.7 Dodging
 - Level 1.7 Stealth
 + Level 2.6 Spellcasting
 - Level 1.0 Conjurations
 + Level 3.2 Fire Magic


You had 6 spell levels left.
You knew the following spells:

 Your Spells              Type           Power        Failure   Level  Hunger
a - Foxfire               Conj/Fire      #...         8%          1    #......

Your spell library contained the following spells:

 Spells                   Type           Power        Failure   Level  Hunger
 Conjure Flame            Conj/Fire      #.......     22%         3    ###....
 Inner Flame              Hex/Fire       #.......     28%         3    ###....
 Sticky Flame             Conj/Fire      #.......     58%         4    #####..
 Fireball                 Conj/Fire      #.........   91%         5    ######.


Dungeon Overview and Level Annotations

Branches:
Dungeon (2/15)

Altars:
Fedhas


Innate Abilities, Weirdness & Mutations

You are partially covered in thin metallic scales. (AC +2)
You are slightly more attuned to the shadows.


Message History

You conjure some foxfire!
The ice beast hits you. The ice beast freezes you!
Casting: Foxfire (safe; 8% risk of failure)
Confirm with . or Enter, or press ? or * to list all spells.
Nothing appears to happen.
The foxfire hits the ice beast but does no damage.
The ice beast is almost dead.
The foxfire hits the ice beast.
The ice beast is almost dead.
The foxfire hits the ice beast but does no damage.
The ice beast is almost dead.
The foxfire hits the ice beast but does no damage.
The ice beast is almost dead.
The ice beast hits you. The ice beast freezes you.
You aren't carrying any items that you can evoke.
Casting: Foxfire (safe; 8% risk of failure)
Confirm with . or Enter, or press ? or * to list all spells.
You miscast Foxfire.
You are very lightly contaminated with residual magic.
Nothing appears to happen.
The ice beast hits you. The ice beast freezes you!
You die...

......................Y.....#....
#.####.####........########.#.###
..##.....##.........# #.#....
..#.......#.........# #†#.###
#.#.......#..(..###.# #.#.#
#....._......##.# #.# #Y#.#
..#.......#.....# #.# #.#.#
..#.......#.#######.# #.#.#
#.##.....##....Y@...#######.#.#
#.####.####.###.............#.#
#...........# #.#############.#
#..........## #.# #.#
#..........# #.# #.# #..........#
#.# #.# . ###+##### #.# #.# ..
#.# #.# #.# #.#


You could see an ice beast.

Vanquished Creatures
  2 adders (D:2)
  2 bats
  A giant cockroach (D:1)
  5 hobgoblins (D:1)
  4 jackals (D:1)
  4 frilled lizards
  2 goblins (D:1)
  6 kobolds
  3 rats
29 creatures vanquished.

Vanquished Creatures (others)
  93 foxfires
93 creatures vanquished.

Grand Total: 122 creatures vanquished

Notes
Turn   | Place    | Note
-------+----------+-------------------------------------------
     0 | D:1      | Aviak the Demonspawn Fire Elementalist began the quest for
                  | the Orb.
     0 | D:1      | Reached XP level 1. HP: 13/13 MP: 3/3
   230 | D:1      | Gained mutation: You are slightly more attuned to the
                  | shadows. [demonic ancestry]
   230 | D:1      | Reached XP level 2. HP: 20/20 MP: 0/5
   475 | D:1      | Reached skill level 1 in Fighting
   475 | D:1      | Reached skill level 3 in Fire Magic
  1199 | D:2      | Gained mutation: You are partially covered in thin metallic
                  | scales. (AC +2) [demonic ancestry]
  1199 | D:2      | Reached XP level 3. HP: 23/26 MP: 2/6
  1332 | D:2      | Found a blossoming altar of Fedhas.
  1349 | D:2      | Noticed an ice beast
  1517 | D:2      | Slain by an ice beast

Illustrated notes

Levels and vault maps discovered:
D:1:      dpeg_arrival_leaves_temple_mockup, layout_basic, item_on_display_a
D:2:      layout_basic, makhleb_grotto_becter, old_standard_altar,
          chequers_ecumenical_altar_twisty, minmay_ruptured

Skill      XL: |  1  2 |
---------------+-------+-----
Fighting       | 1 |  1.6
Fire Magic     | 3 |  3.2
Dodging        | |  1.7
Stealth        | |  1.7
Spellcasting   | |  2.6
Conjurations   | |  1.0

Action                   || total
-------------------------++-------
Melee: Dagger            ||    27
 Cast: Foxfire           ||    56
  Use: Potion            ||     2
 Stab: Sleeping          ||     1
  Eat: Ration            ||     1
       Chunk             ||     1
Armor: Robe              ||     9
Dodge: Dodged            ||    36
